 Dungeon Crawl Stone Soup version 0.25-a0-860-gf695395b5c (console) character file.

Game seed: 12578274562053089971, levelgen mode: classic

61505 Duffy the Eclecticist (level 14, 68/68 HPs)
             Began as a Deep Elf Fire Elementalist on Apr 29, 2020.
             Was an Elder of Sif Muna.
             Quit the game on level 12 of the Dungeon.
             The game lasted 00:35:01 (32157 turns).

Duffy the Eclecticist (Deep Elf Fire Elementalist) Turns: 32157, Time: 00:35:02

Health: 68/68      AC: 12    Str:  5    XL:     14   Next: 60%
Magic:  29/38      EV: 13    Int: 34    God:    Sif Muna [****..]
Gold:   1389       SH:  4    Dex: 15    Spells: 19/50 levels left

rFire    . . .     SeeInvis .   P - staff of conjuration {!a}
rCold    + . .     Gourm    .   (no shield)
rNeg     . . .     Faith    +   M - +1 robe {MR+}
rPois    +         Spirit   .   G - +2 hat {Int+3}
rElec    .         Reflect  .   F - +2 cloak {rPois}
rCorr    .         Harm     .   T - +0 pair of gloves
MR       +++..                  H - +0 pair of boots
Stlth    ++........             W - amulet of faith
HPRegen  0.21/turn              L - ring of protection from magic
MPRegen  0.26/turn              Q - ring "Osaojaa" {rPois rC+ Int+5}

@: no status effects
A: large bone plates 1, molten scales 1
a: Channel Magic, Forget Spell, Divine Exegesis, Renounce Religion


You were on level 12 of the Dungeon.
You worshipped Sif Muna.
Sif Muna was greatly pleased with you.
You were very hungry.

You visited 2 branches of the dungeon, and saw 18 of its levels.

You collected 1599 gold pieces.
You spent 210 gold pieces at shops.

Inventory:

Hand Weapons
 X - the +4 war axe of Dismay {elec, rC++ Stlth-}
   (You found it on level 2 of the Lair of Beasts)

   Occasionally, upon striking a foe, it will discharge some electrical energy
   and cause terrible harm.
   It greatly protects you from cold.
   It makes you less stealthy.
Missiles
 K - 4 throwing nets (quivered)
Armour
 r - a +1 leather armour of fire resistance
 v - a +0 buckler
 F - a +2 cloak of poison resistance (worn)
 G - a +2 hat of intelligence (worn)
 H - a +0 pair of boots (worn)
 M - a +1 robe of magic resistance (worn)
 T - a +0 pair of gloves (worn)
Magical Staves
 n - an uncursed staff of fire {!a}
 P - an uncursed staff of conjuration (weapon) {!a}
 S - an uncursed staff of poison {!a}
Jewellery
 h - the ring "Osefiz" {*Corrode rN+ Slay+5 SInv}
   (You found it on level 6 of the Lair of Beasts)

   [ring of positive energy]

   It affects your accuracy and damage with ranged weapons and melee attacks
   (+5).
   It protects you from negative energy.
   It lets you see invisible.
   It may corrode you when you take damage.
 A - an uncursed ring of protection from cold
 L - a ring of protection from magic (left hand)
 Q - the ring "Osaojaa" (right hand) {rPois rC+ Int+5}
   (You took it off an orc on level 9 of the Dungeon)

   [ring of poison resistance]

   It affects your intelligence (+5).
   It protects you from cold.
   It protects you from poison.
 R - an uncursed ring of resist corrosion
 W - an amulet of faith (around neck)
Wands
 y - a wand of enslavement (9)
 E - a wand of flame (20)
 N - a wand of digging (10)
Scrolls
 a - 3 scrolls of blinking
 b - 3 scrolls of enchant armour
 e - a scroll of torment {unknown}
 g - 5 scrolls of teleportation
 k - 2 scrolls of magic mapping
 l - 4 scrolls of immolation
 m - a scroll of fear
 p - a scroll of holy word {unknown}
 t - 2 scrolls of remove curse
 B - 5 scrolls of amnesia {unknown}
 U - a scroll of fog
Potions
 d - 2 potions of might {unknown}
 f - 2 potions of heal wounds {unknown}
 j - 3 potions of lignification
 o - 4 potions of haste
 s - 2 potions of mutation
 u - 3 potions of brilliance
 w - 7 potions of curing
 x - a potion of invisibility
 z - a potion of magic
 V - 4 potions of flight
Comestibles
 c - 37 rations


   Skills:
 - Level 2.4 Dodging
 - Level 2.4 Stealth
 + Level 18.9 Spellcasting
 - Level 10.8 Conjurations
 + Level 11.7 Fire Magic
 - Level 10.0 Earth Magic
 + Level 13.5 Invocations


You had 19 spell levels left.
You knew the following spells:

 Your Spells              Type           Power        Failure   Level  Hunger
h - Fireball              Conj/Fire      ########..   1%          5    None
i - Ignition              Fire           #######...   50%         8    #####..
j - Sticky Flame          Conj/Fire      ########     1%          4    None
k - Foxfire               Conj/Fire      ####         0%          1    None
l - Bolt of Magma         Conj/Fire/Erth ########..   1%          5    None
y - Iron Shot             Conj/Erth      ########..   2%          6    None
B - Blink                 Tloc           N/A          1%          2    None

Your spell library contained the following spells:

 Spells                   Type           Power        Failure   Level  Hunger
 Magic Dart               Conj           ####         0%          1    None
 Beastly Appendage        Tmut           ####..       1%          1    None
 Shock                    Conj/Air       ####         1%          1    None
 Passwall                 Tmut/Erth      ######..     1%          2    None
 Poisonous Vapours        Pois/Air       ####..       1%          2    None
 Searing Ray              Conj           ######       1%          2    None
 Shroud of Golubria       Chrm/Tloc      ####..       1%          2    None
 Conjure Flame            Conj/Fire      ########     1%          3    None
 Dazzling Flash           Conj/Hex       ######       1%          3    None
 Inner Flame              Hex/Fire       ######..     1%          3    None
 Stone Arrow              Conj/Erth      ######       1%          3    None
 Fulminant Prism          Conj/Hex       #######...   1%          4    None
 Hailstorm                Conj/Ice       #######.     1%          4    None
 Iskenderun's Mystic Bla  Conj/Tloc      #######.     1%          4    None
 Gell's Gravitas          Tloc           ####......   3%          3    None
 Lesser Beckoning         Tloc           ####......   3%          3    None
 Teleport Other           Tloc           ####....     3%          3    None
 Iskenderun's Battlesphe  Conj/Chrm      #######.     3%          5    None
 Passage of Golubria      Tloc           N/A          11%         4    None
 Orb of Destruction       Conj           ########..   11%         7    ##.....
 Statue Form              Tmut/Erth      ######...    22%         6    None
 Silence                  Hex/Air        ####......   30%         5    None
 Freezing Cloud           Conj/Ice/Air   ######....   36%         6    None
 Spellforged Servitor     Conj/Summ      #######...   69%         7    ##.....
 Eringya's Noxious Bog    Tmut/Pois      ####......   86%         6    None
 Chain Lightning          Conj/Air       #######...   100%        8    #####..
 Tornado                  Air            ####......   100%        9    ######.


Dungeon Overview and Level Annotations

Branches:
Dungeon (12/15)            Temple (0/1) D:6            Lair (6/6) D:11
 Shoals (0/4) Lair:4        Snake (0/4) Lair:4        Slime (0/5) Lair:5
    Orc (0/2) D:11

Altars:
Ashenzari
Elyvilon
Fedhas
Hepliaklqana
Kikubaaqudgha
Makhleb
Nemelex Xobeh
Okawaru
Sif Muna
Vehumet
Yredelemnul
Zin
The Shining One
Beogh
Jiyva

Shops:
D:7 (((?=   D:8 }

Portals:
Hell: Lair:6

Annotations:
Lair:5 1 runed translucent door


Innate Abilities, Weirdness & Mutations

You are partially covered in large bone plates. (SH +4)
You are partially covered in molten scales. (AC +2)


Message History

Aim: an orc, wielding a +0 falchion (resting)
You feel a surge of power!
The fireball explodes!
The fireball engulfs the orc!!!
You kill the orc!
Sif Muna accepts your kill.
You hear a shout!
An orc priest comes into view. It is wielding a +0 dagger.
Cast which spell? (? or * to list)
Aiming: Fireball (mildly dangerous; 1% risk of failure)
Press: ? - help, Shift-Dir - straight line You feel a surge of power!
The fireball explodes!
The fireball engulfs the orc priest!!
You kill the orc priest!
Sif Muna accepts your kill.
An orc comes into view. It is wielding a +0 falchion.
A centaur warrior zombie comes into view.
The orc hits you but does no damage.
You see here a smoking trident.
The orc closely misses you.
Are you sure you want to abandon this character and quit the game? (Confirm with "yes".)

... ##...
##.. .. ##
##...
.#####.###
#....
.....#..#
.... ##.....#
#.. ##.$..#.#
#Z##..#..#.#
#@..###..####
#)o## #.....#
#.....##...##
#)###....#.##
)##
###.###.## #.
#.# ##.# #.
#. #.# .. ..
##.# ..
.####.##


You could see an orc and a centaur warrior zombie.

Vanquished Creatures
  Gastronok (D:8)
  The ghost of Majang the Nimble, a journeyman GnGl of Cheibriados (Lair:6)
  Harold (D:7)
  A catoblepas (Lair:2)
  7 hydras
  A two-headed ogre (D:9)
  9 death yaks
  A sun demon (Lair:6)
  Urug (Lair:3)
  A fire crab (Lair:5)
  A wizard (Lair:6)
  A wolf spider (D:8)
  A deep elf mage (D:11)
  An ugly thing (D:9)
  A manticore (D:9)
  An elephant (Lair:6)
  A centaur zombie (D:11)
  A cyclops (D:9)
  A merfolk siren (Lair:4)
  Maurice (D:10)
  15 spiny frogs
  9 black mambas
  Joseph (D:8)
  A smoke demon (Lair:6)
  A torpor snail (Lair:4)
  5 orange demons (Lair:6)
  5 rime drakes
  8 komodo dragons
  An ice devil (Lair:6)
  3 trolls
  7 hippogriffs
  2 dream sheep (Lair:6)
  19 blink frogs
  58 yaks
  2 wraiths
  A wyvern (Lair:6)
  Sigmund (D:2)
  A basilisk (Lair:2)
  Eustachio (D:4)
  2 hungry ghosts
  4 nagas (Lair:4)
  9 water moccasins
  4 hell hounds (Lair:6)
  13 porcupines
  An ice beast (D:7)
  7 orc warriors
  4 black bears
  3 phantoms
  2 sky beasts (D:11)
  An eye of draining (D:9)
  16 wolves
  11 crocodiles
  6 ogres
  9 centaurs
  5 big kobolds
  19 bullfrogs
  5 scorpions
  10 wights
  6 killer bees (D:11)
  3 electric eels (Lair:2)
  8 jellies
  A bullfrog zombie (D:11)
  2 howler monkeys
  3 crimson imps
  2 quasits
  A bullfrog skeleton (D:9)
  5 hounds
  7 orc wizards
  Crazy Yiuf (D:2)
  10 orc priests
  2 centaur skeletons
  A gnoll shaman (D:8)
  6 hell rats (Lair:4)
  9 iguanas
  Natasha (thrice) (D:2)
  9 worker ants
  4 hound skeletons
  A worker ant zombie (D:9)
  8 gnolls
  4 river rats (Lair:4)
  15 adders
  5 shadow imps
  2 white imps
  An adder skeleton (D:4)
  A worm (D:3)
  4 dart slugs (D:1)
  9 leopard geckos
  53 orcs
  2 ball pythons
  10 bats
  4 giant cockroaches
  4 goblins
  7 hobgoblins
  16 jackals
  8 quokkas
  3 frilled lizards
  A jackal zombie (D:7)
  14 kobolds
  A leopard gecko skeleton (D:6)
  A leopard gecko zombie (D:4)
  7 rats
  3 bushes
  A fungus (Lair:4)
  3 plants
577 creatures vanquished.

Vanquished Creatures (others)
  2 bushes
  1214 foxfires
  46 fungi
  31 plants
1293 creatures vanquished.

Grand Total: 1870 creatures vanquished

Notes
Turn   | Place    | Note
-------+----------+-------------------------------------------
     0 | D:1      | Duffy the Deep Elf Fire Elementalist began the quest for
                  | the Orb.
     0 | D:1      | Reached XP level 1. HP: 10/10 MP: 6/6
   111 | D:1      | Reached XP level 2. HP: 11/15 MP: 1/8
   947 | D:1      | Reached XP level 3. HP: 13/19 MP: 1/9
  1757 | D:2      | Found a basalt altar of Yredelemnul.
  1762 | D:2      | Noticed Natasha
  1866 | D:2      | Killed Natasha
  1866 | D:2      | Reached XP level 4. HP: 24/24 MP: 3/10
  1972 | D:2      | Noticed Natasha
  1976 | D:2      | Killed Natasha
  2011 | D:2      | Noticed Natasha
  2015 | D:2      | Killed Natasha
  2275 | D:2      | Reached XP level 5. HP: 28/28 MP: 8/11
  2282 | D:2      | Learned a level 5 spell: Fireball
  2287 | D:2      | Learned a level 4 spell: Sticky Flame
  2423 | D:2      | Noticed Sigmund
  2430 | D:2      | Killed Sigmund
  2430 | D:2      | Reached skill level 5 in Conjurations
  2430 | D:2      | Reached skill level 5 in Fire Magic
  2430 | D:2      | Reached XP level 6. HP: 29/32 MP: 6/13
  2799 | D:2      | Reached skill level 4 in Spellcasting
  3133 | D:2      | Found a runed translucent door.
  3134 | D:2      | Noticed Crazy Yiuf
  3375 | D:2      | Killed Crazy Yiuf
  4192 | D:3      | Reached XP level 7. HP: 23/36 MP: 2/16
  5161 | D:4      | Noticed Eustachio
  5206 | D:4      | Killed Eustachio
  5206 | D:4      | Reached skill level 5 in Spellcasting
  5856 | D:4      | Found an ancient bone altar of Kikubaaqudgha.
  5972 | D:4      | Found a shimmering blue altar of Sif Muna.
  5973 | D:4      | Found a radiant altar of Vehumet.
  5979 | D:4      | Identified Vehumet's Handbook of Confrontation
  6105 | D:4      | Became a worshipper of Sif Muna the Loreminder
  6177 | D:4      | Reached skill level 6 in Spellcasting
  6370 | D:4      | Found a burning altar of Makhleb.
  6417 | D:4      | Found a shattered altar of Ashenzari.
  6586 | D:4      | Reached XP level 8. HP: 41/41 MP: 9/19
  7363 | D:5      | Entered Level 5 of the Dungeon
  7908 | D:5      | Reached * piety under Sif Muna
  8145 | D:5      | Found a hazy altar of Hepliaklqana.
  8145 | D:5      | Found a white marble altar of Elyvilon.
  8223 | D:6      | Reached skill level 7 in Spellcasting
  8459 | D:6      | Found an ancient bone altar of Kikubaaqudgha.
  8837 | D:6      | Reached skill level 8 in Spellcasting
  8996 | D:6      | Got an encrusted leather armour
  9036 | D:6      | Found a staircase to the Ecumenical Temple.
  9047 | D:6      | Identified the cursed +0 leather armour of Mexull {Slay+4}
                  | (You found it on level 6 of the Dungeon)
  9124 | D:6      | Reached XP level 9. HP: 45/45 MP: 17/23
  9216 | D:7      | Found Elierel's Weapon Shoppe.
  9674 | D:7      | Found Yrishet's Antique Weapon Boutique.
 10030 | D:7      | Reached ** piety under Sif Muna
 10201 | D:7      | Found Leumub's Magic Scroll Boutique.
 10208 | D:7      | Noticed Harold
 10371 | D:7      | Reached skill level 9 in Spellcasting
 10376 | D:8      | Found Hejoyn's Gadget Shop.
 10797 | D:8      | Found a glowing silver altar of Zin.
 10945 | D:8      | Found a blossoming altar of Fedhas.
 11074 | D:8      | Noticed Gastronok
 11328 | D:8      | Killed Gastronok
 11328 | D:8      | Reached skill level 10 in Spellcasting
 11328 | D:8      | Reached skill level 10 in Conjurations
 11328 | D:8      | Reached skill level 10 in Fire Magic
 11328 | D:8      | Reached XP level 10. HP: 50/50 MP: 1/26
 11742 | D:8      | Noticed Joseph
 11748 | D:8      | Killed Joseph
 11909 | D:8      | Found a sparkling altar of Nemelex Xobeh.
 12138 | D:8      | Reached skill level 11 in Spellcasting
 12295 | D:9      | Identified the +5 mace of Hepliaklqana's Reproof {flame,
                  | Int+4}
 12592 | D:8      | Reached *** piety under Sif Muna
 12661 | D:9      | Noticed a wolf spider
 12808 | D:8      | Killed a wolf spider
 13102 | D:9      | Reached skill level 1 in Invocations
 13315 | D:9      | Noticed a two-headed ogre
 13481 | D:9      | Killed a two-headed ogre
 13481 | D:9      | Reached skill level 12 in Spellcasting
 13490 | D:9      | Noticed a manticore
 13494 | D:9      | Killed a manticore
 13632 | D:9      | Reached XP level 11. HP: 54/54 MP: 18/29
 13640 | D:9      | Noticed a red ugly thing
 13956 | D:9      | Noticed a seven-headed hydra
 13958 | D:9      | Killed a seven-headed hydra
 14314 | D:9      | Reached skill level 5 in Invocations
 14399 | D:9      | Found an iron altar of Okawaru.
 14423 | D:9      | Reached skill level 13 in Spellcasting
 14467 | D:9      | Identified the +9 ring mail of Qismaot {*Slow rElec Dex+2}
 14476 | D:9      | Identified the ring "Osaojaa" {rPois rC+ Int+5}
 14646 | D:9      | Found a glowing golden altar of the Shining One.
 14897 | D:9      | Killed a red ugly thing
 15010 | D:10     | Entered Level 10 of the Dungeon
 15807 | D:10     | Noticed Maurice
 15811 | D:10     | Killed Maurice
 15811 | D:10     | Reached **** piety under Sif Muna
 15935 | D:10     | Found a shimmering blue altar of Sif Muna.
 16431 | D:11     | Noticed an orc knight
 16433 | D:11     | Found a large runed translucent door.
 16436 | D:11     | Found a large runed translucent door.
 16441 | D:11     | Noticed an orc knight
 16455 | D:11     | Noticed an orc knight
 16509 | D:11     | Reached skill level 14 in Spellcasting
 17779 | D:11     | Found a burning altar of Makhleb.
 17923 | D:11     | Identified the Incunabulum of Moulding and Envenoming
 17961 | D:11     | Found a roughly hewn altar of Beogh.
 17961 | D:11     | Found a staircase to the Orcish Mines.
 18311 | D:11     | Found a staircase to the Lair.
 18404 | D:11     | Noticed a deep elf mage
 18406 | D:11     | Killed a deep elf mage
 18406 | D:11     | Reached XP level 12. HP: 59/59 MP: 21/32
 18589 | D:11     | Noticed a centaur warrior
 18671 | Lair:1   | Entered Level 1 of the Lair of Beasts
 18868 | Lair:1   | Learned a level 5 spell: Bolt of Magma
 18875 | Lair:1   | Learned a level 6 spell: Iron Shot
 19019 | Lair:1   | Reached skill level 1 in Earth Magic
 19022 | Lair:1   | Reached skill level 15 in Spellcasting
 19832 | Lair:2   | Got a translucent war axe
 20510 | Lair:2   | Reached skill level 10 in Invocations
 20514 | Lair:2   | Noticed a catoblepas
 20533 | Lair:2   | Reached ***** piety under Sif Muna
 20616 | Lair:2   | Killed a catoblepas
 20616 | Lair:2   | Reached skill level 5 in Earth Magic
 20668 | Lair:2   | Reached skill level 16 in Spellcasting
 20927 | Lair:2   | Identified Icad's Compendium of the Blaze and the Birds
                  | (Sif Muna gifted it to you on level 2 of the Lair of
                  | Beasts)
 20927 | Lair:2   | Received a gift from Sif Muna
 20931 | Lair:2   | Noticed a five-headed hydra
 20990 | Lair:2   | Killed a five-headed hydra
 21315 | Lair:2   | Identified the +4 war axe of Dismay {elec, rC++ Stlth-}
                  | (You found it on level 2 of the Lair of Beasts)
 21775 | Lair:3   | You fall into a shaft and drop 1 floor!
 22042 | Lair:3   | Noticed a five-headed hydra
 22045 | Lair:3   | Killed a five-headed hydra
 22045 | Lair:3   | Reached XP level 13. HP: 63/63 MP: 16/35
 22861 | Lair:3   | Noticed Urug
 23488 | Lair:3   | Killed Urug
 23643 | Lair:3   | Learned a level 8 spell: Ignition
 23991 | Lair:4   | Received a gift from Sif Muna
 23996 | Lair:4   | Learned a level 2 spell: Blink
 24000 | Lair:4   | Found a staircase to the Snake Pit.
 24139 | Lair:4   | Reached skill level 17 in Spellcasting
 24310 | Lair:4   | You fall into a shaft and drop 1 floor!
 24796 | Lair:4   | Found a staircase to the Shoals.
 26278 | Lair:5   | Found a runed translucent door.
 26280 | Lair:5   | Found a viscous altar of Jiyva.
 26280 | Lair:5   | Found a staircase to the Slime Pits.
 26619 | Lair:6   | Entered Level 6 of the Lair of Beasts
 27075 | Lair:6   | Found a runed translucent gate.
 28129 | Lair:6   | Gained mutation: You are partially covered in large bone
                  | plates. (SH +4) [potion of mutation]
 28129 | Lair:6   | Gained mutation: You are partially covered in molten
                  | scales. (AC +2) [potion of mutation]
 28412 | Lair:6   | Noticed Majang's ghost (journeyman GnGl)
 28543 | Lair:6   | Reached XP level 14. HP: 68/68 MP: 16/37
 28687 | Lair:6   | Reached skill level 18 in Spellcasting
 28752 | Lair:6   | Reached skill level 10 in Earth Magic
 29428 | Lair:6   | Identified Woihyqop's Reference Book on Confrontation (Sif
                  | Muna gifted it to you on level 6 of the Lair of Beasts)
 29428 | Lair:6   | Received a gift from Sif Muna
 29782 | Lair:6   | Found a runed translucent gate.
 29783 | Lair:6   | Found a runed translucent gate.
 30156 | Lair:6   | Found a burning altar of Makhleb.
 30695 | Lair:6   | Found a gateway to Hell.
 30703 | Lair:6   | Got a vibrating platinum ring
 30705 | Lair:6   | Identified the ring "Osefiz" {*Corrode rN+ Slay+5 SInv}
                  | (You found it on level 6 of the Lair of Beasts)
 30943 | Lair:6   | Killed Majang's ghost
 31526 | D:7      | Found Siock's Weapon Shoppe.
 31601 | D:7      | Bought a scroll of blinking for 90 gold pieces
 31601 | D:7      | Bought a scroll of identify for 24 gold pieces
 31601 | D:7      | Bought a scroll of identify for 24 gold pieces
 31601 | D:7      | Bought a scroll of remove curse for 36 gold pieces
 31601 | D:7      | Bought a scroll of remove curse for 36 gold pieces
 31624 | D:7      | Found Xoagg's Jewellery Shop.
 31649 | D:7      | Killed Harold
 31856 | D:11     | Found an iron altar of Okawaru.
 31856 | D:11     | Found an iron altar of Okawaru.
 32157 | D:12     | Quit the game

Levels and vault maps discovered:
D:1:      minmay_arrival_four_houses, layout_basic
D:2:      layout_loops_ring, old_standard_altar, uniq_natasha, uniq_sigmund,
          uniq_crazy_yiuf_cottage
D:3:      cheibrodos_old_hovel, layout_basic
D:4:      layout_cave_pods, grunt_temple_overflow_magic_moments,
          marbit_many_paths, lemuel_doored_altar, first_ration,
          kennysheep_small_spiral, minmay_misc_feat_rows, minivault_5,
          minmay_manual_mess, uniq_eustachio
D:5:      layout_basic, gammafunk_temple_overflow_elements
D:6:      layout_cave_pools, minmay_temple_entry_nine_rooms, basic_altar
D:7:      layout_rooms, serial_shops, shop, shop, nicolae_shop_stone, shop,
          shop, uniq_harold
D:8:      layout_cave_pods, kennysheep_little_box,
          nemelex_xobeh_ov_fountains_minmay, zin_scriptorium, serial_shops,
          shop_fountains, blue_anna_alchemist [blue_anna_fruit_fields,
          blue_anna_fruit_fields], uniq_gastronok, uniq_joseph
D:9:      minmay_the_grid_square_5x5_4x4 [minmay_the_grid_square_5x5_v,
          minmay_the_grid_square_5x5_checkered, minmay_the_grid_square_5x5_comb,
          minmay_the_grid_square_5x5_one_wall,
          minmay_the_grid_square_5x5_hollow_slash,
          minmay_the_grid_square_5x5_prize_snowflake,
          minmay_the_grid_square_5x5_prize_pseudospiral,
          minmay_the_grid_square_5x5_doubleslash, minmay_the_grid_square_5x5_c,
          minmay_the_grid_square_5x5_prize_junk,
          minmay_the_grid_square_5x5_prize_monsterx,
          minmay_the_grid_square_5x5_inverted_slash,
          minmay_the_grid_square_5x5_tetrominoes,
          minmay_the_grid_square_5x5_n_small,
          minmay_the_grid_square_5x5_minimal,
          minmay_the_grid_square_5x5_shrine1], layout_basic,
          okawaru_ov_weapons_minmay
D:10:     layout_basic, basic_altar, uniq_maurice
D:11:     okawaru_arena_lexackson, layout_rooms, due_lair_maze_entry_diamond,
          david_orc_5, basic_altar
D:12:     layout_layer_cave
Lair:1:   layout_layer_cave, special_room [special_room_bee]
Lair:2:   layout_chaotic_city, minmay_holes, hangedman_lair_generics_rect,
          serial_bayou_shore_a
Lair:3:   layout_regular_city, serial_forest, infiniplex_forest_end_3,
          infiniplex_forest_clump_tiny, infiniplex_forest_fountain,
          infiniplex_forest_clump_diagonal, infiniplex_forest_lined_4_way,
          uniq_urug
Lair:4:   layout_regular_city, minmay_shoals_entry_lonely_mermaid,
          minmay_snake_entry_guardpost_medium, kennysheep_abandoned_house
Lair:5:   layout_cave_pods, slime_altar_2
Lair:6:   evil_forest, layout_cave_pods, gammafunk_ghost_split, st_stairs_6

Skill      XL: |  1  2  3  4  5  6  7  8  9 10 11 12 13 14 |
---------------+-------------------------------------------+-----
Conjurations   | 2 3 4 5 6 8 10 | 10.8
Fire Magic     | 4 5 6 8 10 11 | 11.7
Spellcasting   | 4 6 8 10 12 14 16 17 18 | 18.9
Invocations    | 3 8 10 12 13 | 13.5
Earth Magic    | 6 9 10 | 10.0
Dodging        | |  2.4
Stealth        | |  2.4

Action                   |  1- 3 |  4- 6 |  7- 9 | 10-12 | 13-15 || total
-------------------------+-------+-------+-------+-------+-------++-------
Melee: Unarmed           |       |    10 |       |       |       ||    10
Throw: Throwing net      |       |       |       |     1 |       ||     1
 Cast: Foxfire           |    99 |   125 |   520 |   104 |     1 ||   849
       Sticky Flame      |       |       |    19 |    15 |    14 ||    48
       Fireball          |       |       |     9 |   227 |   228 ||   464
       Iron Shot         |       |       |       |       |    19 ||    19
       Ignition          |       |       |       |       |     1 ||     1
       Blink             |       |       |       |       |     1 ||     1
Invok: Divine Exegesis   |       |       |       |       |     1 ||     1
       Channel Magic     |       |       |       |       |     3 ||     3
Evoke: Wand              |       |       |     9 |    32 |       ||    41
  Use: Scroll            |       |       |       |    18 |    10 ||    28
       Potion            |       |       |       |       |     1 ||     1
 Stab: Confused          |       |     1 |       |       |       ||     1
  Eat: Chunk             |     3 |     3 |    22 |    32 |    14 ||    74
       Ration            |       |     1 |     1 |     1 |     5 ||     8
Armor: Robe              |     4 |     1 |     1 |    11 |    11 ||    28
       Skin              |       |     2 |       |       |       ||     2
       Leather armour    |       |       |    20 |    14 |     1 ||    35
Dodge: Dodged            |    17 |    17 |    68 |    68 |    34 ||   204
Block: Other             |       |       |       |       |     1 ||     1

Table legend:
 A = Non-vault XP
 B = Vault XP
 C = Vault XP percentage of total XP
 D = Non-vault monster count
 E = Vault monster count
 F = Vault count percentage of total count
                 A         B        C        D         E       F
            +---------+---------+-------+---------+---------+-------
      Total |   54219 |   33646 |  38.3 |     432 |     138 |  24.2
            +---------+---------+-------+---------+---------+-------
        D:1 |      55 |       0 |   0.0 |      25 |       0 |   0.0
        D:2 |     251 |     285 |  53.2 |      20 |       3 |  13.0
        D:3 |     254 |       3 |   1.2 |      21 |       1 |   4.5
        D:4 |     541 |     192 |  26.2 |      36 |       2 |   5.3
        D:5 |     292 |       0 |   0.0 |      19 |       0 |   0.0
        D:6 |    1095 |       0 |   0.0 |      18 |       0 |   0.0
        D:7 |     839 |     997 |  54.3 |      20 |       1 |   4.8
        D:8 |    1122 |    3486 |  75.7 |      23 |       9 |  28.1
        D:9 |     703 |    5342 |  88.4 |      24 |      27 |  52.9
       D:10 |    1574 |     462 |  22.7 |      17 |       1 |   5.6
       D:11 |    3801 |    1675 |  30.6 |      40 |      31 |  43.7
       D:12 |      46 |       0 |   0.0 |       2 |       0 |   0.0
     Lair:1 |    3497 |       0 |   0.0 |      17 |       0 |   0.0
     Lair:2 |    7170 |    3054 |  29.9 |      32 |       8 |  20.0
     Lair:3 |    7842 |     824 |   9.5 |      36 |       1 |   2.7
     Lair:4 |    3126 |    1769 |  36.1 |      12 |      18 |  60.0
     Lair:5 |    6518 |    1807 |  21.7 |      19 |       4 |  17.4
     Lair:6 |   15493 |   13750 |  47.0 |      51 |      32 |  38.6
            +---------+---------+-------+---------+---------+-------
